AoeStats
← Sr Cid

African Clearing

504264220Analyzed
3v3 RM · 28d ago on Sep 4, 2026· 63m 27s· 6 players
Game mode
Random Map
Map size
Normal (6 player)
Population
200
Speed
Normal
Resources
Standard
Victory
Conquest
Starting age
Dark Age
Ending age
Imperial Age
RankedLock teamsTeams togetherTeam positionsShared explorationLock speedFull tech treeHidden civsTurbo modeCheats
Victory
Defeat
🇪🇸 Persians · Spain
1090
+12
999
+17
🇩🇪 Britons · Germany
963
+18
🇳🇱 Teutons · Netherlands
1025
-16
🇦🇷 Huns · Argentina
1012
-16
🇪🇸 Portuguese · Spain
1001
-15
Nyssa
8:26 Loom
19:54 Feudal Age
22:08 Scale Barding Armor
22:14 Forging
21:55 Fletching
22:01 Horse Collar
26:44 Double-Bit Axe
26:53 Town Watch
27:44 Wheelbarrow
27:25 Bloodlines
29:20 Gold Mining
29:21 Stone Mining
33:20 Castle Age
34:46 Hand Cart
34:34 Heavy Plow
34:46 Bow Saw
37:08 Town Patrol
41:18 Scale Mail Armor
42:29 Chain Barding Armor
43:25 Chain Mail Armor
43:52 Squires
43:41 Arson
48:54 Imperial Age
47:18 Iron Casting
49:10 Cavalier
50:47 Stone Shaft Mining
50:46 Crop Rotation
51:18 Two-Man Saw
51:46 Plate Barding Armor
53:27 Plate Mail Armor
52:58 Padded Archer Armor
53:45 Hoardings
55:00 Conscription
56:04 Guilds
60:41 Crenellations
emanuelmugna
11:33 Loom
14:40 Feudal Age
20:47 Castle Age
19:28 Double-Bit Axe
19:25 Horse Collar
26:09 Gold Mining
26:09 Stone Mining
26:17 Stone Mining
28:32 Town Watch
32:24 Wheelbarrow
34:01 Forging
33:56 Scale Barding Armor
35:37 Iron Casting
36:12 Squires
37:07 Pikeman
37:40 Fletching
38:26 Scale Mail Armor
40:42 Scale Barding Armor
41:35 Bloodlines
42:41 Husbandry
47:04 Heavy Plow
47:16 Bow Saw
50:41 Thumb Ring
51:00 Chain Barding Armor
50:36 Bodkin Arrow
53:27 Padded Archer Armor
53:53 Ballistics
57:48 Imperial Age
57:15 Leather Archer Armor
57:55 Cavalier
59:39 Blast Furnace
59:15 Plate Barding Armor
59:05 Bracer
Sr Cid
12:05 Loom
13:50 Feudal Age
14:52 Double-Bit Axe
20:31 Castle Age
20:33 Fletching
28:55 Bow Saw
33:09 Wheelbarrow
32:20 Town Watch
33:31 Bloodlines
36:12 Scale Barding Armor
36:19 Forging
38:48 Iron Casting
40:47 Hand Cart
41:56 Chain Barding Armor
41:36 Bodkin Arrow
48:43 Imperial Age
51:02 Conscription
52:55 Two-Man Saw
51:39 Horse Collar
52:06 Bracer
52:24 Gold Mining
52:12 Elite Organ Gun
52:34 Light Cavalry
53:44 Chain Barding Armor
55:29 Blast Furnace
55:31 Plate Barding Armor
56:08 Town Patrol
Andy
5:15 Loom
13:38 Feudal Age
15:28 Double-Bit Axe
18:48 Wheelbarrow
24:43 Castle Age
23:07 Forging
23:52 Fletching
24:18 Gold Mining
24:50 Elite Skirmisher
24:52 Pikeman
26:52 Bow Saw
26:25 Horse Collar
26:58 Squires
28:52 Stone Mining
30:44 Bodkin Arrow
30:51 Scale Mail Armor
33:06 Gold Shaft Mining
32:32 Crossbowman
33:36 Padded Archer Armor
40:17 Imperial Age
39:11 Leather Archer Armor
39:19 Hand Cart
41:12 Ballistics
42:26 Two-Man Saw
42:55 Conscription
45:27 Arbalester
48:03 Siege Engineers
52:12 Ring Archer Armor
53:44 Yeomen
55:51 Iron Casting
58:50 Halberdier
63:19 Chemistry
61:55 Light Cavalry
62:53 Husbandry
Onlyfarms
7:54 Loom
14:30 Feudal Age
15:04 Town Watch
15:33 Double-Bit Axe
22:10 Padded Archer Armor
22:19 Gold Mining
24:00 Fletching
31:45 Castle Age
32:29 Thumb Ring
34:52 Horse Collar
35:23 Bow Saw
40:09 Husbandry
41:07 Wheelbarrow
43:41 Bloodlines
43:37 Scale Barding Armor
45:06 Forging
46:58 Chain Barding Armor
50:09 Hand Cart
53:25 Gold Shaft Mining
54:08 Stone Mining
55:57 Iron Casting
55:17 Bodkin Arrow
59:00 Imperial Age
57:21 Masonry
58:29 Devotion
60:36 Blast Furnace
60:12 Plate Barding Armor
61:04 Architecture
61:01 Town Patrol
林北干林娘。
4:03 Loom
13:56 Feudal Age
15:13 Double-Bit Axe
24:37 Castle Age
22:43 Horse Collar
24:06 Forging
24:04 Gold Mining
25:35 Elite Skirmisher
27:26 Bloodlines
30:49 Heavy Plow
33:45 Bow Saw
37:06 Imperial Age
35:03 Fletching
36:27 Husbandry
37:28 Scale Barding Armor
37:53 Town Watch
39:34 Pikeman
41:13 Ballistics
41:43 Bodkin Arrow
41:49 Padded Archer Armor
41:50 Scale Mail Armor
43:26 Grand Trunk Road
44:38 Chemistry
49:40 Wheelbarrow
51:01 Leather Archer Armor
51:02 Chain Mail Armor
53:31 Gold Shaft Mining
53:18 Squires
57:38 Shatagni
58:52 Hand Cart
59:23 Town Patrol
60:10 Conscription
61:29 Iron Casting
61:24 Ring Archer Armor
63:03 Two-Man Saw
63:09 Onager
Connection lost

Rejoining the realm…

Still unreachable

The connection could not be restored.

Session expired

The server has moved on; the page needs a fresh start.